 Dungeon Crawl Stone Soup version 0.29-a0-994-gc5c9f59d18 (webtiles) character file.

Game seed: 12634479139219974115

7879 frimble the Slicer (level 11, -2/88 HPs)
             Began as a Demonspawn Earth Elementalist on Aug 3, 2022.
             Was an Elder of Cheibriados.
             Slain by a shadow (16 damage)
             ... on level 10 of the Dungeon.
             The game lasted 00:13:56 (11556 turns).

frimble the Slicer (Demonspawn Earth Elementalist) Turns: 11556, Time: 00:13:57

Health: -2/88      AC: 12    Str: 18    XL:     11   Next: 2%
Magic:  14/14      EV: 13    Int: 27    God:    Cheibriados [****..]
Gold:   684        SH: 12    Dex: 25    Spells: 11/14 levels left

rFire   + . .      SeeInvis .   b - +1 long sword
rCold   + . .      Faith    .   I - +0 buckler "Qaetom" {rC+ Will+ Regen+}
rNeg    . . .      Spirit   .   k - +6 leather armour of Qifomnye {+Inv rF+ rCorr Stlth-}
rPois   +          Reflect  +   (no helmet)
rElec   .          Harm     .   (no cloak)
rCorr   +          Rampage  .   g - +0 pair of gloves
Will    +....                   (no boots)
Stlth   ++........              c - amulet of reflection
HPRegen 1.04/turn               D - ring of poison resistance
MPRegen 0.14/turn               (no ring)

@: about to teleport, very slow
A: hooves 2, rugged brown scales 2, foul stench 2, corrupting presence 1
a: Renounce Religion, Evoke Invisibility, Bend Time, Temporal Distortion, Slouch


You were on level 10 of the Dungeon.
You worshipped Cheibriados.
Cheibriados was greatly pleased with you.
You visited 2 branches of the dungeon, and saw 11 of its levels.
You also visited: Ossuary.

You collected 684 gold pieces.

Inventory:

Hand Weapons
 a - a +2 dagger of venom
 b - a +1 long sword (weapon)
Missiles
 l - a throwing net
Armour
 d - the +2 robe "Fumot" {Archmagi}
   (You found it on level 2 of the Dungeon)

   Archmagi:  It increases the power of your magical spells.
 g - a +0 pair of gloves (worn)
 k - the +6 leather armour of Qifomnye (worn) {+Inv rF+ rCorr Stlth-}
   (You found it on level 2 of the Dungeon)

   rF:        It protects you from fire.
   +Inv:      It lets you turn invisible.
   rCorr:     It protects you from acid and corrosion.
   Stlth:     It makes you less stealthy.
 F - +0 steam dragon scales
 I - the +0 buckler "Qaetom" (worn) {rC+ Will+ Regen+}
   (You found it on level 8 of the Dungeon)

   rC:        It protects you from cold.
   Regen:     It increases your rate of health regeneration.
   Will:      It increases your willpower.
Jewellery
 c - an amulet of reflection (around neck)
 m - an amulet of magic regeneration
 D - a ring of poison resistance (left hand)
Wands
 A - a wand of flame (28)
 C - a wand of polymorph (13)
 G - a wand of paralysis (5)
 K - a wand of digging (5)
Scrolls
 f - a scroll of fear
 j - 9 scrolls of teleportation
 q - 4 scrolls of identify
 s - a scroll of brand weapon {unknown}
 y - 2 scrolls of amnesia
 z - 3 scrolls of magic mapping
 E - a scroll of immolation {unknown}
 H - a scroll of noise {unknown}
 L - a scroll of poison
Potions
 e - 3 potions of lignification
 h - 6 potions of heal wounds {unknown}
 i - a potion of mutation {unknown}
 n - 3 potions of berserk rage
 o - 4 potions of invisibility {unknown}
 p - 4 potions of brilliance {unknown}
 r - 2 potions of might
 t - 3 potions of degeneration {unknown}
 u - a potion of flight {unknown}
 v - 2 potions of resistance {unknown}
 w - 2 potions of ambrosia {unknown}
 x - 2 potions of curing
 B - a potion of cancellation {unknown}
Miscellaneous
 J - a tin of tremorstones (1/2)


   Skills:
 + Level 7.5 Fighting
 + Level 8.6(9.6) Short Blades
 - Level 6.8(8.8) Long Blades
 + Level 3.0 Dodging
 - Level 3.1 Stealth
 - Level 5.0 Shields
 - Level 2.1 Spellcasting
 * Level 0.4 Translocations
 - Level 3.2 Transmutations
 - Level 3.4 Earth Magic
 - Level 4.3 Evocations


You had 11 spell levels left.
You knew the following spells:

 Your Spells              Type           Power      Damage    Failure   Level
a - Sandblast             Erth           42%        2d11      3%          1
b - Blink                 Tloc           10%        N/A       19%         2

Your spell library contained the following spells:

 Spells                   Type           Power      Damage    Failure   Level
 Passwall                 Tmut/Erth      16%        N/A       6%          2
 Stone Arrow              Conj/Erth      24%        3d8       22%         3
 Lesser Beckoning         Tloc           5%         N/A       36%         3
 Petrify                  Tmut/Erth      20%        N/A       36%         4
 Portal Projectile        Hex/Tloc       8%         N/A       38%         3
 Call Canine Familiar     Summ           2%         N/A       41%         3
 Leda's Liquefaction      Hex/Erth       6%         N/A       58%         4
 Manifold Assault         Tloc           5%         N/A       98%         5


Dungeon Overview and Level Annotations

Branches:
Dungeon (10/15)            Temple (1/1) D:4             Orc (0/2) D:10
Ossuary (visited)
   Lair: D:8-11

Altars:
Ashenzari
Cheibriados
Dithmenos
Fedhas
Gozag
Hepliaklqana
Kikubaaqudgha
Makhleb
Nemelex Xobeh
Okawaru
Qazlal
Ru
Sif Muna
Trog
Uskayaw
Vehumet
Wu Jian
Xom
Yredelemnul

Annotations:
D:1 1 runed translucent door
D:9 2 transporters, Zerkas's ghost, novice MiFi
D:10 Maggie


Innate Abilities, Weirdness & Mutations

You have hoof-like feet.
You are mostly covered in rugged brown scales. (AC +2, +5% HP)
You sometimes emit foul miasma when damaged in melee.
Your presence sometimes corrodes those you injure.


Message History

The shadow flickers and vanishes!
Deactivating autopickup; reactivate with Ctrl-A.
You are too injured to fight recklessly!
You are too injured to fight recklessly!
You are too injured to fight recklessly!
You are too injured to fight recklessly!
You are too injured to fight recklessly!
Your +2 dagger of venom begins to drip with poison!
a - a +2 dagger of venom (weapon)
The shadow strikes at you from the darkness!
Reactivating autopickup.
Maggie closely misses you. Maggie gestures at you while chanting.
The bolt of fire hits you! You resist.
* * * LOW HITPOINT WARNING * * *
The shadow slips into darkness.
The shadow flickers and vanishes!
Deactivating autopickup; reactivate with Ctrl-A.
As you read the scroll of fear, it crumbles to dust.
You assume a fearsome visage.
Maggie looks frightened!
The shadow strikes at you from the darkness!
* * * LOW HITPOINT WARNING * * *
Reactivating autopickup.
You emit a cloud of foul miasma!
As you read the scroll of teleportation, it crumbles to dust.
You feel strangely unstable. The shadow hits you.
* * * LOW HITPOINT WARNING * * *
Your +2 dagger of venom stops dripping with poison.
b - a +1 long sword (weapon)
Maggie gives up.
You slash the shadow!
The shadow is moderately damaged.
The shadow barely misses you.
You hit the shadow but do no damage. You kick the shadow, but do no damage.
The shadow is moderately damaged.
The shadow slips into darkness.
The shadow flickers and vanishes!
Deactivating autopickup; reactivate with Ctrl-A.
The shadow strikes at you from the darkness!
You die...

#.. ..#.# #.## #.#.#
##..## #.#.# ....##
#.#.# #########....#
#.#.# ...........)#
#.#.###
##.......######......
#..{.))))......#.###
#..@..#####.#.......
#....)# #)#.##.#..
........# #.#.......
.....$......
#.#####.##
..........#.#
#.......#K
....>.....#.#
#######.#K
.@........# # ...#$
....!.....# ##.##
#...


You could see Maggie (fleeing).

Vanquished Creatures
  2 two-headed ogres
  A cyclops (D:9)
  Joseph (D:8)
  A hornet (D:7)
  A wyvern (D:7)
  A vampire (D:7)
  2 wraiths (D:10)
  3 yaks (D:8)
  2 steam dragons
  2 water moccasins
  3 ice beasts
  2 sky beasts
  2 black bears
  5 orc warriors
  An ogre (D:4)
  4 centaurs
  2 kobold brigands
  2 phantoms
  2 bullfrogs
  12 scorpions
  4 necrophages
  4 wights (D:9)
  5 killer bees (D:10)
  A howler monkey (D:6)
  4 hounds
  4 orc priests
  2 human zombies (Ossuary)
  A gnoll bouda (D:6)
  4 scorpion zombies (Ossuary)
  Ijyb (D:4)
  2 iguanas
  9 orc wizards
  3 mummies (Ossuary)
  8 gnolls
  6 adders
  A worm (D:4)
  2 dart slugs (D:3)
  39 orcs
  6 bats
  11 endoplasms
  7 giant cockroaches
  4 goblins
  3 hobgoblins
  11 kobolds
  4 quokkas
  4 ball pythons
  5 frilled lizards
  2 gnoll zombies (Ossuary)
  A goblin zombie (Ossuary)
  2 hobgoblin zombies (Ossuary)
  2 kobold zombies (Ossuary)
  6 orc zombies (Ossuary)
  3 rats
222 creatures vanquished.

Vanquished Creatures (others)
  2 kobolds (D:9)
2 creatures vanquished.

Grand Total: 224 creatures vanquished

Notes
Turn   | Place    | Note
-------+----------+-------------------------------------------
     0 | D:1      | frimble the Demonspawn Earth Elementalist began the quest
                  | for the Orb.
     0 | D:1      | Reached XP level 1. HP: 13/13 MP: 3/3
     1 | D:1      | Found a runed translucent door.
    45 | D:1      | Found a faded altar of an unknown god.
   405 | D:1      | Reached skill level 1 in Transmutations
   780 | D:1      | Gained mutation: You are partially covered in rugged brown
                  | scales. (AC +1, +3% HP) [demonic ancestry]
   780 | D:1      | Reached XP level 2. HP: 11/19 MP: 3/5
  1507 | D:2      | Identified the +6 leather armour of Qifomnye {+Inv rF+
                  | rCorr Stlth-}
  1620 | D:2      | Reached XP level 3. HP: 24/24 MP: 4/6
  1710 | D:2      | Identified the +2 robe "Fumot" {Archmagi}
  2243 | D:3      | Found a burning altar of Makhleb.
  2259 | D:3      | Noticed a phantom
  2278 | D:3      | Reached skill level 1 in Short Blades
  2278 | D:3      | Reached skill level 1 in Long Blades
  2278 | D:3      | Reached XP level 4. HP: 25/30 MP: 7/7
  2303 | D:3      | Killed a phantom
  2304 | D:3      | Gained mutation: You have large cloven feet. [demonic
                  | ancestry]
  2304 | D:3      | Reached XP level 5. HP: 9/36 MP: 1/8
  2692 | D:3      | Reached skill level 2 in Short Blades
  2907 | D:3      | Found a shimmering blue altar of Sif Muna.
  3068 | D:4      | Noticed an ogre
  3077 | D:4      | Killed an ogre
  3078 | D:4      | Reached skill level 1 in Fighting
  3078 | D:4      | Gained mutation: You are mostly covered in rugged brown
                  | scales. (AC +2, +5% HP) [demonic ancestry]
  3078 | D:4      | Reached XP level 6. HP: 14/45 MP: 5/9
  3452 | D:4      | Reached skill level 3 in Short Blades
  3510 | D:4      | Found a sand-covered staircase.
  3516 | Ossuary  | Entered an ossuary
  3592 | Ossuary  | Gained mutation: You may rarely emit foul miasma when
                  | damaged in melee. [demonic ancestry]
  3592 | Ossuary  | Reached XP level 7. HP: 41/53 MP: 10/10
  4127 | Ossuary  | Reached skill level 4 in Short Blades
  4287 | Ossuary  | Gained mutation: You have hoof-like feet. [demonic
                  | ancestry]
  4287 | Ossuary  | Reached XP level 8. HP: 46/63 MP: 11/11
  4849 | D:4      | Found a staircase to the Ecumenical Temple.
  4851 | D:4      | Noticed Ijyb
  4864 | D:4      | Paralysed by Ijyb for 5 turns
  4869 | D:4      | Killed Ijyb
  4880 | Temple   | Entered the Ecumenical Temple
  4977 | Temple   | Became a worshipper of Cheibriados the Contemplative
  5052 | D:4      | Found a sparkling altar of Nemelex Xobeh.
  5203 | D:5      | Entered Level 5 of the Dungeon
  5260 | D:4      | Reached skill level 5 in Short Blades
  5417 | D:5      | Reached skill level 5 in Long Blades
  5423 | D:5      | Reached * piety under Cheibriados
  5565 | D:5      | Reached skill level 5 in Fighting
  5589 | D:5      | You fall into a shaft and drop 1 floor!
  5986 | D:6      | Reached skill level 1 in Evocations
  5986 | D:6      | Reached XP level 9. HP: 69/72 MP: 12/12
  6666 | D:6      | Found a broken altar of Ashenzari.
  6666 | D:6      | Found a shadowy altar of Dithmenos.
  7108 | D:6      | Reached skill level 6 in Short Blades
  7490 | D:7      | Reached ** piety under Cheibriados
  8344 | D:8      | Found a radiant altar of Vehumet.
  9013 | D:8      | Reached *** piety under Cheibriados
  9052 | D:8      | Noticed Joseph
  9069 | D:8      | Killed Joseph
  9070 | D:8      | Gained mutation: You sometimes emit foul miasma when
                  | damaged in melee. [demonic ancestry]
  9070 | D:8      | Reached XP level 10. HP: 53/82 MP: 13/13
  9075 | D:8      | Identified the +0 buckler "Qaetom" {rC+ Will+ Regen+}
  9265 | D:8      | Reached skill level 7 in Short Blades
  9338 | D:8      | Noticed a two-headed ogre
  9348 | D:8      | Killed a two-headed ogre
 10061 | D:9      | Noticed a cyclops
 10081 | D:9      | Killed a cyclops
 10216 | D:9      | Reached skill level 5 in Shields
 10343 | D:9      | Found a transporter.
 10344 | D:9      | Noticed a moth of wrath
 10344 | D:9      | Noticed Zerkas's ghost (novice MiFi)
 10350 | D:9      | Noticed a fire dragon
 10357 | D:9      | Found a transporter.
 10403 | D:9      | Reached skill level 8 in Short Blades
 10463 | D:9      | Found an opulent altar of Gozag.
 10762 | D:9      | Found an ornate altar of the Wu Jian Council.
 10878 | D:9      | Learned a level 2 spell: Blink
 11122 | D:10     | Entered Level 10 of the Dungeon
 11288 | D:10     | Noticed a two-headed ogre
 11312 | D:10     | Killed a two-headed ogre
 11412 | D:10     | Found a staircase to the Orcish Mines.
 11426 | D:10     | Reached **** piety under Cheibriados
 11438 | D:10     | Noticed an orc knight
 11478 | D:10     | Gained mutation: Your presence sometimes corrodes those you
                  | injure. [demonic ancestry]
 11478 | D:10     | Reached XP level 11. HP: 61/88 MP: 14/14
 11514 | D:10     | an orc knight changed into an ice beast
 11546 | D:10     | Noticed Maggie
 11556 | D:10     | Slain by a shadow

Illustrated notes

Levels and vault maps discovered:
D:1:      dpeg_arrival_caged_fury, layout_loops_cross,
          shapermc_ecumenical_altar_pompeii, minmay_crystal_room
D:2:      layout_basic
D:3:      layout_rooms, lemuel_doored_altar, amcnicky_altar_gilded,
          minmay_close_crescents
D:4:      layout_rooms, nemelex_dance_club_becter,
          minmay_temple_entry_crystal_x, enter_ossuary_2, uniq_ijyb
D:5:      layout_basic
D:6:      layout_cave_pods, mainiacjoe_overflow_divided_tiny, serial_glass,
          glass_columns_a, glass_columns_b
D:7:      layout_loops_ring
D:8:      black_bear_nest_1, layout_basic, mainiacjoe_overflow_catwalk,
          hangedman_decor_points, uniq_joseph
D:9:      layout_basic, nicolae_gozag_cash_rules_everything_around_me,
          mainiacjoe_overflow_tiny_flanked, gammafunk_ghost_berserking_beasts
D:10:     layout_basic, dpeg_lair_monsters, orc_david_3,
          nicolae_straight_to_the_point, uniq_josephine, uniq_maggie
Temple:   nicolae_temple_great_sept

Skill      XL: |  1  2  3  4  5  6  7  8  9 10 |
---------------+-------------------------------+-----
Transmutations | 1 2 3 |  3.2
Dodging        | 2 3 |  3.0
Stealth        | 2 3 |  3.1
Earth Magic    | 3 |  3.4
Short Blades   | 1 2 3 4 5 6 8 |  8.6
Long Blades    | 1 2 3 4 5 6 |  6.8
Fighting       | 1 2 3 5 7 |  7.5
Evocations     | 1 4 |  4.3
Shields        | 5 |  5.0
Spellcasting   | |  2.1
Translocations | |  0.4

Action                   |  1- 3 |  4- 6 |  7- 9 | 10-12 || total
-------------------------+-------+-------+-------+-------++-------
Melee: Unarmed           |    20 |       |       |       ||    20
       Dagger            |    32 |    81 |   302 |   152 ||   567
       Kick              |       |    24 |   202 |    88 ||   314
       Punch             |       |     1 |    13 |       ||    14
       Long sword        |       |     9 |   255 |    49 ||   313
 Cast: Sandblast         |    42 |    11 |    16 |     2 ||    71
Evoke: Wand              |       |       |     2 |     8 ||    10
       Tin of tremorston |       |       |       |     1 ||     1
  Use: Potion            |     2 |     2 |       |     1 ||     5
       Scroll            |     3 |       |     8 |     2 ||    13
 Stab: Sleeping          |     2 |       |       |     3 ||     5
Armor: Robe              |    11 |       |       |       ||    11
       Leather armour    |    15 |    56 |   219 |    36 ||   326
Dodge: Dodged            |    46 |    81 |   291 |    67 ||   485
Block: Other             |    13 |    28 |   124 |       ||   165
       Reflection        |     1 |       |     1 |     6 ||     8
       Buckler           |       |       |       |    90 ||    90

Table legend: (Time is in decaauts)
 A = Elapsed time spent in this place.
 B = Non-inter-level travel time spent in this place.
 C = Inter-level travel time spent in this place.
 D = Time resting spent in this place.
 E = Time spent auto-exploring this place.
 F = Levels seen in this place.
 G = Mean time per level.
                   A        B        C        D        E       F      G
               +--------+--------+--------+--------+--------+-----+--------+
         Total |  13616 |  13070 |    546 |    806 |  10069 |  12 | 1134.7 |
       Dungeon |  12202 |  11681 |    521 |    650 |   9197 |  10 | 1220.2 |
        Temple |    112 |     88 |     24 |      0 |     77 |   1 |  112.0 |
       Ossuary |   1300 |   1300 |      0 |    156 |    795 |   1 | 1300.0 |
               +--------+--------+--------+--------+--------+-----+--------+

Top non-repeatable levels by time:
     D:7: 1753 daAuts
     D:8: 1687 daAuts
     D:6: 1657 daAuts
     D:9: 1615 daAuts
     D:1: 1547 daAuts
 Ossuary: 1300 daAuts
     D:3: 998 daAuts
     D:4: 987 daAuts
     D:5: 823 daAuts
    D:10: 593 daAuts
     D:2: 539 daAuts
  Temple: 112 daAuts
